[Event "36th German Seniors-ch-65 2024"]
[Site "Bad Wildungen"]
[Date "2024.08.25"]
[Round "3.3"]
[White "Matthey, Harald"]
[Black "Juhnke, Juergen"]
[Result "1-0"]
[ECO "B23"]
[WhiteElo "2062"]
[BlackElo "2259"]
[Annotator "RC"]
[PlyCount "89"]
[EventDate "2024.08.22"]
[EventType "swiss"]
[EventCountry "GER"]
[SourceTitle "playchess.com"]
[Source "ChessBase"]
[SourceQuality "1"]
[TimeControl "40/5400+30:1800+30"]

1. e4 c5 2. Nc3 d6 3. d4 cxd4 4. Qxd4 Nc6 5. Qd2 g6 6. b3 Bh6 7. f4 e5 8. Nb5 Bxf4 9. Qxd6 Qxd6 10. Nxd6+ Kf8 11. Ba3 Nge7 12. Nf3 Kg7 13. Bc4 f6 14. Rd1 Rd8 15. Kf2 a6 16. g3 Bh6 17. Nxc8 Raxc8 18. Bd6 Kf8 19. Be6 Ra8 20. Bc7 Rxd1 21. Rxd1 Ke8 22. Bb6 Nb4 23. Rd7 Nxa2 24. Bc5 Bf8 25. Rxb7 Nc3 26. Nd2 f5 27. exf5 gxf5 28. Bd7+ Kf7 29. Bxf5 Kf6 30. Bxh7 Ned5 31. Bxf8 Rxf8 32. Ne4+ Nxe4+ 33. Bxe4 Kg5+ 34. Ke2 Nc3+ 35. Kd3 Nxe4 36. Kxe4 Rf2 37. h4+ Kg4 38. Rg7+ Kh3 39. c4 Rb2 40. h5 Rxb3 41. h6 Rb6 42. h7 Rh6 43. Kxe5 a5 44. g4 a4 45. Kd4 1-0

[Event "36th German Seniors-ch-65 2024"]
[Site "Bad Wildungen"]
[Date "2024.08.25"]
[Round "3.4"]
[White "Blab, Ludwig"]
[Black "Rosen, Bernd"]
[Result "0-1"]
[ECO "A22"]
[WhiteElo "2026"]
[BlackElo "2245"]
[Annotator "ChessBase"]
[PlyCount "70"]
[EventDate "2024.08.22"]
[EventType "swiss"]
[EventCountry "GER"]
[SourceTitle "playchess.com"]
[Source "ChessBase"]
[SourceQuality "1"]
[TimeControl "40/5400+30:1800+30"]

1. c4 e5 2. Nc3 Nf6 3. g3 Bb4 4. Qc2 O-O 5. Bg2 Nc6 6. a3 Bxc3 7. Qxc3 d5 8. cxd5 Nxd5 9. Qc5 Be6 10. Nf3 Qd6 11. Qxd6 cxd6 12. d3 Rac8 13. Bd2 Nb6 14. Rc1 f6 15. O-O d5 16. e3 Rfd8 17. d4 e4 18. Ne1 Nc4 19. Bc3 N6a5 20. Nc2 Nb3 21. Rcd1 Nxb2 22. Rb1 Nd2 23. Bxd2 Rxc2 24. Bb4 Rdc8 25. h3 b6 26. g4 a5 27. Bd6 R8c6 28. Bg3 Nc4 29. Ra1 Nd2 30. Rfd1 b5 31. Bf1 b4 32. Bb5 Rc8 33. axb4 axb4 34. Bd6 b3 35. Ba4 b2 0-1

[Event "36th German Seniors-ch-65 2024"]
[Site "Bad Wildungen"]
[Date "2024.08.25"]
[Round "3.5"]
[White "Buchal, Stephan"]
[Black "Kierzek, Mira"]
[Result "1-0"]
[ECO "A20"]
[WhiteElo "2215"]
[BlackElo "2007"]
[Annotator "RC"]
[PlyCount "65"]
[EventDate "2024.08.22"]
[EventType "swiss"]
[EventCountry "GER"]
[SourceTitle "playchess.com"]
[Source "ChessBase"]
[SourceQuality "1"]
[TimeControl "40/5400+30:1800+30"]

1. c4 e5 2. g3 c6 3. Nf3 e4 4. Nd4 d5 5. cxd5 Qxd5 6. Nc2 Nf6 7. Nc3 Qe5 8. Bg2 Na6 9. Ne3 Bb4 10. Qc2 Bxc3 11. bxc3 O-O 12. Bb2 Re8 13. c4 Qe6 14. O-O Nc5 15. d4 exd3 16. exd3 Bd7 17. Rfe1 Rad8 18. d4 Nce4 19. Rab1 Bc8 20. Qa4 a6 21. d5 cxd5 22. Nxd5 Qf5 23. f3 Nd6 24. Rxe8+ Rxe8 25. Qxe8+ Nfxe8 26. Ne7+ Kf8 27. Nxf5 Bxf5 28. Rc1 f6 29. c5 Nb5 30. f4 Bc8 31. a4 Na7 32. c6 bxc6 33. Bd4 1-0

[Event "36th German Seniors-ch-65 2024"]
[Site "Bad Wildungen"]
[Date "2024.08.25"]
[Round "3.6"]
[White "Hartlieb, Juergen"]
[Black "Okrajek, Alexander"]
[Result "1/2-1/2"]
[ECO "E61"]
[WhiteElo "2013"]
[BlackElo "2172"]
[Annotator "RC"]
[PlyCount "38"]
[EventDate "2024.08.22"]
[EventType "swiss"]
[EventCountry "GER"]
[SourceTitle "playchess.com"]
[Source "ChessBase"]
[SourceQuality "1"]
[TimeControl "40/5400+30:1800+30"]

1. Nf3 Nf6 2. e3 g6 3. d4 Bg7 4. c4 d6 5. Nc3 O-O 6. Be2 c6 7. O-O a6 8. b3 b5 9. a3 Nbd7 10. Qc2 Rb8 11. b4 bxc4 12. Bxc4 a5 13. Rb1 axb4 14. axb4 Nb6 15. Bd3 Nfd5 16. Bd2 Bg4 17. Rfc1 Bxf3 18. gxf3 Qd7 19. b5 Ra8 1/2-1/2

[Event "36th German Seniors-ch-65 2024"]
[Site "Bad Wildungen"]
[Date "2024.08.25"]
[Round "3.7"]
[White "Podat, Vladimir"]
[Black "Zuehlke, Burkhard"]
[Result "1/2-1/2"]
[ECO "B08"]
[WhiteElo "2157"]
[BlackElo "1999"]
[Annotator "RC"]
[PlyCount "51"]
[EventDate "2024.08.22"]
[EventType "swiss"]
[EventCountry "GER"]
[SourceTitle "playchess.com"]
[Source "ChessBase"]
[SourceQuality "1"]
[TimeControl "40/5400+30:1800+30"]

1. e4 d6 2. d4 Nf6 3. Nc3 g6 4. Nf3 Bg7 5. Be3 c6 6. Qd2 O-O 7. Bh6 b5 8. Bd3 Qc7 9. h4 Bxh6 10. Qxh6 Ng4 11. Qd2 e5 12. dxe5 dxe5 13. h5 Qe7 14. hxg6 fxg6 15. Bxb5 cxb5 16. Qd5+ Be6 17. Qxa8 Qc5 18. O-O Nc6 19. Qb7 Bc4 20. Nd5 Bxf1 21. Rxf1 Nd4 22. Ng5 Ne2+ 23. Kh1 Ng3+ 24. Kg1 Ne2+ 25. Kh1 Ng3+ 26. Kg1 1/2-1/2

[Event "36th German Seniors-ch-65 2024"]
[Site "Bad Wildungen"]
[Date "2024.08.25"]
[Round "3.8"]
[White "Gollasch, Theo-Heinz"]
[Black "Gruzmann, Boris"]
[Result "1/2-1/2"]
[ECO "E63"]
[WhiteElo "2006"]
[BlackElo "2167"]
[Annotator "RC"]
[PlyCount "135"]
[EventDate "2024.08.22"]
[EventType "swiss"]
[EventCountry "GER"]
[SourceTitle "playchess.com"]
[Source "ChessBase"]
[SourceQuality "1"]
[TimeControl "40/5400+30:1800+30"]

1. Nf3 d6 2. d4 Nf6 3. g3 g6 4. Bg2 Bg7 5. c4 O-O 6. Nc3 Nc6 7. O-O a6 8. b3 Rb8 9. Bb2 b5 10. cxb5 axb5 11. d5 Na5 12. Nd4 b4 13. Ncb5 Ba6 14. Na7 Bb7 15. e4 Ra8 16. Nac6 Bxc6 17. Nxc6 Nxc6 18. dxc6 e5 19. a4 bxa3 20. Bxa3 Ra6 21. Qc2 Qa8 22. Bb2 Qxc6 23. Qxc6 Rxc6 24. Rfc1 Rxc1+ 25. Rxc1 Rb8 26. Rxc7 Rxb3 27. Rc8+ Bf8 28. Bc1 Kg7 29. f3 Rb1 30. Bf1 d5 31. Bg5 Nd7 32. exd5 Rd1 33. Rc1 Rxc1 34. Bxc1 Nb6 35. Bb2 f6 36. Bd3 Nxd5 37. Kf1 Bc5 38. Bb1 Bd4 39. Be4 Nc7 40. Ba3 f5 41. Bc6 Kf6 42. Bd6 Ne6 43. Bb7 Bc5 44. Bb8 Nd4 45. f4 exf4 46. Bxf4 Nc2 47. Bd2 Ke5 48. Bc3+ Bd4 49. Bd2 Bb2 50. Bf4+ Kd4 51. Bh6 Kc5 52. Bc8 Be5 53. Be6 Kd6 54. Bg8 Ke7 55. Bb3 Nd4 56. Ba2 Ne6 57. Bc1 Kf6 58. Kg2 Nc5 59. Bc4 Ne4 60. Bd5 Nc3 61. Bc4 g5 62. Bd3 h6 63. Bd2 Ne4 64. Bc1 Bd4 65. g4 Nd6 66. gxf5 Nxf5 67. Bxf5 Kxf5 68. h4 1/2-1/2

[Event "36th German Seniors-ch-65 2024"]
[Site "Bad Wildungen"]
[Date "2024.08.25"]
[Round "3.9"]
[White "Boeven, Manfred"]
[Black "Kaeding, Rainer"]
[Result "0-1"]
[ECO "D01"]
[WhiteElo "1998"]
[BlackElo "2116"]
[Annotator "RC"]
[PlyCount "42"]
[EventDate "2024.08.22"]
[EventType "swiss"]
[EventCountry "GER"]
[SourceTitle "playchess.com"]
[Source "ChessBase"]
[SourceQuality "1"]
[TimeControl "40/5400+30:1800+30"]

1. d4 d5 2. Nc3 Nf6 3. Bg5 Nbd7 4. e3 h6 5. Bh4 e6 6. Nf3 c5 7. Be2 a6 8. a4 Qb6 9. a5 Qxb2 10. Na4 Qb4+ 11. c3 Qxa5 12. O-O Qc7 13. Bg3 Bd6 14. dxc5 Bxg3 15. fxg3 Nxc5 16. Rb1 b5 17. Nxc5 Qxc5 18. Qd3 O-O 19. Ne5 Nd7 20. Nxd7 Bxd7 21. Rb4 Rac8 0-1

[Event "36th German Seniors-ch-65 2024"]
[Site "Bad Wildungen"]
[Date "2024.08.25"]
[Round "3.10"]
[White "Namyslo, Holger"]
[Black "Kalwa, Norbert"]
[Result "1-0"]
[ECO "B27"]
[WhiteElo "2140"]
[BlackElo "1971"]
[Annotator "ChessBase"]
[PlyCount "35"]
[EventDate "2024.08.22"]
[EventType "swiss"]
[EventCountry "GER"]
[SourceTitle "playchess.com"]
[Source "ChessBase"]
[SourceQuality "1"]
[TimeControl "40/5400+30:1800+30"]

1. e4 g6 2. d4 Bg7 3. Nf3 c5 4. c3 cxd4 5. cxd4 d5 6. e5 Nc6 7. Bb5 Nh6 8. O-O O-O 9. Re1 Bg4 10. Bxc6 bxc6 11. Nbd2 Nf5 12. h3 Bxf3 13. Nxf3 f6 14. Bf4 g5 15. Qc2 fxe5 16. Bxe5 Qd7 17. Nxg5 h6 18. Bxg7 1-0

[Event "36th German Seniors-ch-65 2024"]
[Site "Bad Wildungen"]
[Date "2024.08.25"]
[Round "3.11"]
[White "Schrems, Hermann"]
[Black "Barten, Ralf"]
[Result "1-0"]
[ECO "D11"]
[WhiteElo "2118"]
[BlackElo "1966"]
[Annotator "RC"]
[PlyCount "91"]
[EventDate "2024.08.22"]
[EventType "swiss"]
[EventCountry "GER"]
[SourceTitle "playchess.com"]
[Source "ChessBase"]
[SourceQuality "1"]
[TimeControl "40/5400+30:1800+30"]

1. d4 d5 2. Nf3 Nf6 3. g3 c6 4. Bg2 Bf5 5. Nbd2 e6 6. c4 Nbd7 7. O-O Be7 8. b3 O-O 9. Bb2 h6 10. Qc1 Ne4 11. Rd1 Rc8 12. Ne5 Nxd2 13. Rxd2 Qc7 14. Nxd7 Qxd7 15. Ba3 Rfd8 16. Bxe7 Qxe7 17. Qb2 b6 18. Rc1 Be4 19. Bf1 c5 20. cxd5 Bxd5 21. dxc5 Rxc5 22. Rxc5 bxc5 23. Qc1 a5 24. Rc2 Rc8 25. f3 f5 26. Bg2 Qa7 27. e4 Bb7 28. Qe3 fxe4 29. fxe4 Qa8 30. Bh3 Re8 31. e5 a4 32. Rxc5 axb3 33. axb3 Bd5 34. Rc1 Qa2 35. b4 Qb2 36. Qc3 Qxc3 37. Rxc3 Rb8 38. Bf1 Rxb4 39. Bd3 Rb8 40. Bg6 Rf8 41. h4 Rf3 42. Rc8+ Rf8 43. Bh7+ Kf7 44. Rc7+ Ke8 45. Rxg7 Rf7 46. Bg6 1-0

[Event "36th German Seniors-ch-65 2024"]
[Site "Bad Wildungen"]
[Date "2024.08.25"]
[Round "3.12"]
[White "Zimmermann, Rolf"]
[Black "Steingrobe, Udo"]
[Result "1-0"]
[ECO "A25"]
[WhiteElo "2107"]
[BlackElo "1965"]
[Annotator "RC"]
[PlyCount "68"]
[EventDate "2024.08.22"]
[EventType "swiss"]
[EventCountry "GER"]
[SourceTitle "playchess.com"]
[Source "ChessBase"]
[SourceQuality "1"]
[TimeControl "40/5400+30:1800+30"]

1. c4 e5 2. Nc3 Nc6 3. g3 d6 4. Bg2 g6 5. e3 Bg7 6. Nge2 Nh6 7. Nd5 O-O 8. h3 Nf5 9. d3 Be6 10. b3 Qd7 11. Bb2 Rae8 12. Qd2 a5 13. Nec3 Nfe7 14. Nb5 Bxd5 15. cxd5 Nb8 16. Nc3 c6 17. dxc6 Nbxc6 18. Ne2 b5 19. O-O Rc8 20. Rac1 Rc7 21. Nc3 Na7 22. Nd5 Nxd5 23. Bxd5 b4 24. Rxc7 Qxc7 25. Rc1 Qd7 26. Kg2 Rc8 27. Rc4 Nb5 28. Qc2 Rxc4 29. Qxc4 Nc7 30. a3 Qb5 31. Bxf7+ Kf8 32. Qxc7 Qxd3 33. Bc4 Qd2 34. Kh2 d5 1-0

[Event "36th German Seniors-ch-65 2024"]
[Site "Bad Wildungen"]
[Date "2024.08.25"]
[Round "3.13"]
[White "Zschunke, Werner"]
[Black "Dekan, Hans"]
[Result "0-1"]
[ECO "A11"]
[WhiteElo "1966"]
[BlackElo "2079"]
[Annotator "NA RC"]
[PlyCount "64"]
[EventDate "2024.08.22"]
[EventType "swiss"]
[EventCountry "GER"]
[SourceTitle "playchess.com"]
[Source "ChessBase"]
[SourceQuality "1"]
[TimeControl "40/5400+30:1800+30"]

1. c4 c6 2. g3 d5 3. cxd5 cxd5 4. d4 Bf5 5. Bg2 e6 6. Nf3 Nc6 7. Nc3 h6 8. a3 Nf6 9. O-O Rc8 10. e3 Bd6 11. Bd2 O-O 12. Nh4 Bh7 13. f4 Qd7 14. Nf3 Ne4 15. Ne5 Bxe5 16. Nxe4 Bxd4 17. exd4 Bxe4 18. Bc3 Rfe8 19. Rf2 Bxg2 20. Kxg2 Ne7 21. h4 Nf5 22. Qd3 Nd6 23. Rc2 Ne4 24. Rac1 Rc6 25. Be1 Rec8 26. b4 R8c7 27. Rxc6 Rxc6 28. Rxc6 Qxc6 29. Bd2 Qc4 30. Qxc4 dxc4 31. Bc1 h5 32. f5 exf5 0-1

[Event "36th German Seniors-ch-65 2024"]
[Site "Bad Wildungen"]
[Date "2024.08.25"]
[Round "3.14"]
[White "Schubert, Hans Joachim"]
[Black "Wenner, Tobias"]
[Result "1/2-1/2"]
[ECO "B40"]
[WhiteElo "2064"]
[BlackElo "2067"]
[Annotator "NA RC"]
[PlyCount "33"]
[EventDate "2024.08.22"]
[EventType "swiss"]
[EventCountry "GER"]
[SourceTitle "playchess.com"]
[Source "ChessBase"]
[SourceQuality "1"]
[TimeControl "40/5400+30:1800+30"]

1. e4 c5 2. Nf3 e6 3. d4 cxd4 4. Nxd4 Nf6 5. Bd3 Nc6 6. c3 d5 7. exd5 Qxd5 8. Nf3 Be7 9. O-O O-O 10. Be2 b6 11. Qa4 Bb7 12. Rd1 Qf5 13. Qf4 Qxf4 14. Bxf4 Rfd8 15. Nbd2 h6 16. Nb3 Rxd1+ 17. Rxd1 1/2-1/2

[Event "36th German Seniors-ch-65 2024"]
[Site "Bad Wildungen"]
[Date "2024.08.25"]
[Round "3.15"]
[White "Brueggemann, Joachim"]
[Black "Dittmar, Michael"]
[Result "1-0"]
[ECO "C12"]
[WhiteElo "2267"]
[BlackElo "1791"]
[Annotator "RC"]
[PlyCount "73"]
[EventDate "2024.08.22"]
[EventType "swiss"]
[EventCountry "GER"]
[SourceTitle "playchess.com"]
[Source "ChessBase"]
[SourceQuality "1"]
[TimeControl "40/5400+30:1800+30"]

1. e4 e6 2. d4 d5 3. Nc3 Nf6 4. Bg5 h6 5. Bxf6 Qxf6 6. Nf3 Bb4 7. e5 Qd8 8. Qd3 Bd7 9. a3 Be7 10. Qe3 a6 11. Bd3 Nc6 12. h4 Na7 13. h5 Rc8 14. b4 Nb5 15. Ne2 Na7 16. Nd2 Bb5 17. O-O Bxd3 18. Qxd3 Ra8 19. f4 Qd7 20. f5 Kd8 21. fxe6 Qxe6 22. Qf3 c6 23. Qxf7 Qxf7 24. Rxf7 Rg8 25. Nf3 Nb5 26. Nf4 Ke8 27. e6 Nd6 28. Ne5 Bf6 29. Nfg6 a5 30. bxa5 Rxa5 31. Rd7 Ne4 32. Rxb7 Ra8 33. Rab1 Rc8 34. Ra7 Nc3 35. Rbb7 Ne2+ 36. Kf2 Nxd4 37. Re7+ 1-0

[Event "36th German Seniors-ch-65 2024"]
[Site "Bad Wildungen"]
[Date "2024.08.25"]
[Round "3.16"]
[White "Nehmert, Ulrich"]
[Black "Kroencke, Manfred"]
[Result "1-0"]
[ECO "D36"]
[WhiteElo "2255"]
[BlackElo "2008"]
[Annotator "ChessBase"]
[PlyCount "66"]
[EventDate "2024.08.22"]
[EventType "swiss"]
[EventCountry "GER"]
[SourceTitle "playchess.com"]
[Source "ChessBase"]
[SourceQuality "1"]
[TimeControl "40/5400+30:1800+30"]

1. d4 d5 2. c4 e6 3. Nc3 Nf6 4. cxd5 exd5 5. Bg5 c6 6. e3 Be7 7. Bd3 O-O 8. h3 Nbd7 9. Qc2 Re8 10. Nf3 Nf8 11. O-O Nh5 12. Bxe7 Qxe7 13. a3 g6 14. b4 a6 15. Rfe1 f5 16. Ne5 Nd7 17. f4 Nxe5 18. dxe5 Ng3 19. Kh2 Ne4 20. Bxe4 fxe4 21. Ne2 Be6 22. Nd4 Rac8 23. Qc5 Rc7 24. Rac1 Qxc5 25. bxc5 Bc8 26. g4 g5 27. Kg3 h6 28. Rg1 Rg7 29. Rcf1 Bd7 30. Rb1 Bc8 31. Kh2 Rf7 32. Rgf1 Ree7 33. Kg3 Rg7 1-0

[Event "36th German Seniors-ch-65 2024"]
[Site "Bad Wildungen"]
[Date "2024.08.25"]
[Round "3.17"]
[White "Vatter, Hans-Joachim"]
[Black "Szymaniak, Horst"]
[Result "1/2-1/2"]
[ECO "B53"]
[WhiteElo "2212"]
[BlackElo "1996"]
[Annotator "RC"]
[PlyCount "93"]
[EventDate "2024.08.22"]
[EventType "swiss"]
[EventCountry "GER"]
[SourceTitle "playchess.com"]
[Source "ChessBase"]
[SourceQuality "1"]
[TimeControl "40/5400+30:1800+30"]

1. e4 c5 2. Nf3 d6 3. d4 cxd4 4. Qxd4 Nc6 5. Bb5 Bd7 6. Bxc6 bxc6 7. c4 Nf6 8. O-O g6 9. e5 dxe5 10. Nxe5 Qc7 11. Bf4 Qb7 12. Nc3 Bg7 13. Na4 Bf5 14. Qe3 O-O 15. Bh6 Bxh6 16. Qxh6 Ng4 17. Nxg4 Bxg4 18. Rfe1 Rfe8 19. Re4 f5 20. Re5 Rad8 21. Rae1 Rd1 22. b3 Rxe1+ 23. Rxe1 e5 24. h3 Qb4 25. Rc1 Bh5 26. f3 f4 27. Rd1 a5 28. Qg5 Qe7 29. Qxe7 Rxe7 30. Rd6 e4 31. fxe4 Rxe4 32. Rxc6 Re1+ 33. Kf2 Re2+ 34. Kf1 Rxa2 35. Re6 Kf7 36. Re1 g5 37. Rb1 Bg6 38. Re1 h5 39. Nc3 Rb2 40. Nd5 Rxb3 41. Re7+ Kf8 42. Ra7 Bd3+ 43. Ke1 Bxc4 44. Rxa5 Bxd5 45. Rxd5 Rg3 46. h4 gxh4 47. Rxh5 1/2-1/2

[Event "36th German Seniors-ch-65 2024"]
[Site "Bad Wildungen"]
[Date "2024.08.25"]
[Round "3.18"]
[White "Hanisch, Friedrich"]
[Black "Koehler, Gerhard"]
[Result "0-1"]
[ECO "A60"]
[WhiteElo "2012"]
[BlackElo "2210"]
[Annotator "RC"]
[PlyCount "70"]
[EventDate "2024.08.22"]
[EventType "swiss"]
[EventCountry "GER"]
[SourceTitle "playchess.com"]
[Source "ChessBase"]
[SourceQuality "1"]
[TimeControl "40/5400+30:1800+30"]

1. d4 Nf6 2. c4 e6 3. Nc3 c5 4. d5 exd5 5. cxd5 d6 6. e4 Be7 7. Be2 O-O 8. Nf3 a6 9. a4 Re8 10. O-O Bf8 11. Qc2 Bg4 12. h3 Bxf3 13. Bxf3 Nbd7 14. Bf4 g6 15. Rfe1 Ne5 16. Bxe5 Rxe5 17. g3 Re8 18. Re2 Nd7 19. Bg2 Qa5 20. Ra3 Bg7 21. Nd1 h5 22. Ne3 Qd8 23. Nc4 Ne5 24. Nxe5 Bxe5 25. Qc4 h4 26. g4 Qa5 27. Qc2 Reb8 28. Bf1 Qd8 29. Qd3 Qf6 30. Ra2 Qf4 31. Bg2 b5 32. axb5 axb5 33. Rxa8 Rxa8 34. Re1 c4 35. Qb1 Qd2 0-1

[Event "36th German Seniors-ch-65 2024"]
[Site "Bad Wildungen"]
[Date "2024.08.25"]
[Round "3.20"]
[White "Kannenberg, Karl-Heinz"]
[Black "Schmidt, Joerg"]
[Result "1-0"]
[ECO "A48"]
[WhiteElo "2121"]
[BlackElo "1995"]
[Annotator "RC"]
[PlyCount "64"]
[EventDate "2024.08.22"]
[EventType "swiss"]
[EventCountry "GER"]
[SourceTitle "playchess.com"]
[Source "ChessBase"]
[SourceQuality "1"]
[TimeControl "40/5400+30:1800+30"]

1. d4 c5 2. e3 g6 3. Nf3 Bg7 4. Be2 Nf6 5. O-O cxd4 6. exd4 O-O 7. c3 d6 8. Re1 Bd7 9. Nbd2 Nc6 10. Bf1 Re8 11. Nc4 b5 12. Ne3 Rb8 13. d5 Na5 14. b4 Nb7 15. Nd4 Qb6 16. Bb2 Nd8 17. a3 a6 18. c4 e5 19. dxe6 Nxe6 20. Nxe6 Bxe6 21. Rc1 bxc4 22. Bd4 Qd8 23. Nxc4 d5 24. Na5 Ra8 25. Rc6 Bc8 26. Rxe8+ Nxe8 27. Bxg7 Nxg7 28. Bd3 Ne6 29. Qa1 Nf4 30. Qd4 Qh4 31. g3 Qg4 32. Rc2 Nh3+ 1-0

[Event "36th German Seniors-ch-65 2024"]
[Site "Bad Wildungen"]
[Date "2024.08.25"]
[Round "3.21"]
[White "Reinhold, Klaus"]
[Black "Schulz, Michael"]
[Result "1/2-1/2"]
[ECO "A80"]
[WhiteElo "2008"]
[BlackElo "2109"]
[Annotator "RC"]
[PlyCount "45"]
[EventDate "2024.08.22"]
[EventType "swiss"]
[EventCountry "GER"]
[SourceTitle "playchess.com"]
[Source "ChessBase"]
[SourceQuality "1"]
[TimeControl "40/5400+30:1800+30"]

1. d4 f5 2. Bg5 g6 3. Nc3 Bg7 4. h4 h6 5. Bf4 Nf6 6. e3 d6 7. Qf3 c6 8. Qg3 Ng4 9. f3 e5 10. fxg4 exf4 11. Qxf4 Qe7 12. Bd3 g5 13. hxg5 hxg5 14. Rxh8+ Bxh8 15. Qh2 Qxe3+ 16. Nge2 Bxd4 17. Qxd6 Qf2+ 18. Kd1 Be3 19. Qe5+ Kd8 20. Qf6+ Kc7 21. Qe5+ Kd8 22. Qf6+ Kc7 23. Qe5+ 1/2-1/2

[Event "36th German Seniors-ch-65 2024"]
[Site "Bad Wildungen"]
[Date "2024.08.25"]
[Round "3.22"]
[White "Weiss, Matthias"]
[Black "Rosen, Willy"]
[Result "0-1"]
[ECO "B14"]
[WhiteElo "2060"]
[BlackElo "2091"]
[Annotator "RC"]
[PlyCount "109"]
[EventDate "2024.08.22"]
[EventType "swiss"]
[EventCountry "GER"]
[SourceTitle "playchess.com"]
[Source "ChessBase"]
[SourceQuality "1"]
[TimeControl "40/5400+30:1800+30"]

1. e4 c5 2. c3 g6 3. d4 cxd4 4. cxd4 d5 5. exd5 Nf6 6. Nc3 Nxd5 7. Bc4 Nb6 8. Bb3 Bg7 9. Be3 O-O 10. h3 Nc6 11. Nf3 Na5 12. O-O Nxb3 13. Qxb3 Be6 14. Qd1 Nc4 15. b3 Nxe3 16. fxe3 Qa5 17. Rc1 Rac8 18. Qd2 b6 19. Ne4 Qxd2 20. Nexd2 Bd5 21. Nc4 Rfd8 22. Kf2 f6 23. Rfd1 Rc6 24. Nb2 Rdc8 25. Rxc6 Rxc6 26. Rd2 h5 27. Nd3 a5 28. Rb2 Be4 29. Nf4 e5 30. dxe5 fxe5 31. Ne2 Bf6 32. Rd2 Kf7 33. Ng3 Bb1 34. Rb2 Bd3 35. Rd2 e4 36. Nd4 Rc1 37. Nge2 Ra1 38. g3 g5 39. Nc3 Rf1+ 40. Kg2 Rc1 41. Nd5 Bxd4 42. exd4 b5 43. Ne3 b4 44. Rf2+ Ke6 45. Rf5 Rc2+ 46. Nxc2 Kxf5 47. Ne3+ Ke6 48. Kf2 Bb1 49. Nc4 Bxa2 50. Nd2 Kd5 51. Ke3 Bxb3 52. Nxb3 a4 53. Nc5 a3 54. Nb3 a2 55. Ke2 0-1

[Event "36th German Seniors-ch-65 2024"]
[Site "Bad Wildungen"]
[Date "2024.08.26"]
[Round "4.1"]
[White "Namyslo, Holger"]
[Black "Klundt, Klaus"]
[Result "1/2-1/2"]
[ECO "B33"]
[WhiteElo "2140"]
[BlackElo "2264"]
[Annotator "RC"]
[PlyCount "34"]
[EventDate "2024.08.22"]
[EventType "swiss"]
[EventCountry "GER"]
[SourceTitle "playchess.com"]
[Source "ChessBase"]
[SourceQuality "1"]
[TimeControl "40/5400+30:1800+30"]

1. e4 c5 2. Nf3 Nc6 3. d4 cxd4 4. Nxd4 Nf6 5. Nc3 e5 6. Ndb5 d6 7. Bg5 a6 8. Na3 b5 9. Bxf6 gxf6 10. Nd5 Bg7 11. c3 f5 12. exf5 Bxf5 13. Nc2 O-O 14. Nce3 Be6 15. Bd3 f5 16. Qh5 Qd7 17. Bc2 Rae8 1/2-1/2

[Event "36th German Seniors-ch-65 2024"]
[Site "Bad Wildungen"]
[Date "2024.08.26"]
[Round "4.2"]
[White "Rosen, Bernd"]
[Black "Schrems, Hermann"]
[Result "0-1"]
[ECO "B23"]
[WhiteElo "2245"]
[BlackElo "2118"]
[Annotator "RC"]
[PlyCount "82"]
[EventDate "2024.08.22"]
[EventType "swiss"]
[EventCountry "GER"]
[SourceTitle "playchess.com"]
[Source "ChessBase"]
[SourceQuality "1"]
[TimeControl "40/5400+30:1800+30"]

1. e4 c5 2. Nc3 Nc6 3. f4 g6 4. Nf3 Bg7 5. a3 d6 6. Bc4 Nf6 7. d3 a6 8. O-O e6 9. Qe1 Nd4 10. Nxd4 cxd4 11. Ne2 d5 12. exd5 Nxd5 13. f5 O-O 14. fxg6 hxg6 15. Qg3 Qc7 16. Qh4 Qe5 17. Bxd5 Qxe2 18. Bb3 Qe5 19. Bd2 Bd7 20. Bb4 Rfe8 21. Rae1 Qh5 22. Qf4 g5 23. Qg3 a5 24. Bd2 a4 25. Ba2 Rac8 26. Bb1 g4 27. Qd6 Bc6 28. Rf2 Rcd8 29. Qg3 Rd5 30. Ba2 Re5 31. Rxe5 Bxe5 32. Bf4 Bf6 33. h3 Bh4 34. Qxg4+ Qxg4 35. hxg4 Bxf2+ 36. Kxf2 e5 37. Bh6 Kh7 38. Bd2 Kg6 39. c3 Rh8 40. cxd4 exd4 41. Bf4 Rh1 0-1

[Event "36th German Seniors-ch-65 2024"]
[Site "Bad Wildungen"]
[Date "2024.08.26"]
[Round "4.3"]
[White "Dekan, Hans"]
[Black "Buchal, Stephan"]
[Result "1/2-1/2"]
[ECO "B07"]
[WhiteElo "2079"]
[BlackElo "2215"]
[Annotator "RC"]
[PlyCount "73"]
[EventDate "2024.08.22"]
[EventType "swiss"]
[EventCountry "GER"]
[SourceTitle "playchess.com"]
[Source "ChessBase"]
[SourceQuality "1"]
[TimeControl "40/5400+30:1800+30"]

1. e4 d6 2. d4 Nf6 3. Nc3 g6 4. Be2 Bg7 5. Be3 c6 6. h4 h5 7. f3 Qc7 8. Nh3 Bxh3 9. Rxh3 Nbd7 10. Qd2 b5 11. a3 a6 12. Kf2 c5 13. dxc5 Nxc5 14. Rhh1 Rc8 15. Rac1 Ng4+ 16. Kf1 Nxe3+ 17. Qxe3 Qb7 18. Rb1 Ne6 19. f4 Bd4 20. Qf3 Bxc3 21. bxc3 Nc5 22. Bd3 Nxd3 23. Qxd3 Qc6 24. Rh3 O-O 25. f5 Qc4 26. Ke2 Kg7 27. Rg3 Rc5 28. Kd2 Re5 29. Rb4 Qc5 30. Qf3 d5 31. fxg6 fxg6 32. Rxg6+ Kxg6 33. Qxf8 dxe4 34. Qg8+ Kf6 35. Qf8+ Kg6 36. Qg8+ Kf6 37. Qf8+ 1/2-1/2

[Event "36th German Seniors-ch-65 2024"]
[Site "Bad Wildungen"]
[Date "2024.08.26"]
[Round "4.4"]
[White "Kaeding, Rainer"]
[Black "Zimmermann, Rolf"]
[Result "1/2-1/2"]
[ECO "D53"]
[WhiteElo "2116"]
[BlackElo "2107"]
[Annotator "RC"]
[PlyCount "32"]
[EventDate "2024.08.22"]
[EventType "swiss"]
[EventCountry "GER"]
[SourceTitle "playchess.com"]
[Source "ChessBase"]
[SourceQuality "1"]
[TimeControl "40/5400+30:1800+30"]

1. d4 d5 2. c4 e6 3. Nc3 Nf6 4. Bg5 Be7 5. cxd5 Nxd5 6. Bxe7 Qxe7 7. Nf3 Nxc3 8. bxc3 c5 9. e3 O-O 10. Bd3 b6 11. Qc2 g6 12. O-O Bb7 13. Ne5 Nc6 14. f4 Rac8 15. Nxc6 Bxc6 16. Qb2 cxd4 1/2-1/2

[Event "36th German Seniors-ch-65 2024"]
[Site "Bad Wildungen"]
[Date "2024.08.26"]
[Round "4.5"]
[White "Koehler, Gerhard"]
[Black "Matthey, Harald"]
[Result "1-0"]
[ECO "A36"]
[WhiteElo "2210"]
[BlackElo "2062"]
[Annotator "RC"]
[PlyCount "75"]
[EventDate "2024.08.22"]
[EventType "swiss"]
[EventCountry "GER"]
[SourceTitle "playchess.com"]
[Source "ChessBase"]
[SourceQuality "1"]
[TimeControl "40/5400+30:1800+30"]

1. c4 c5 2. g3 g6 3. Bg2 Bg7 4. Nc3 Nc6 5. a3 e6 6. d3 Nge7 7. e4 O-O 8. Nge2 Nd4 9. Rb1 a6 10. O-O d6 11. Nxd4 cxd4 12. Ne2 Rb8 13. Bf4 e5 14. Bd2 b5 15. b3 Bd7 16. Bb4 Qb6 17. Qd2 Rfc8 18. f4 Bg4 19. cxb5 Bxe2 20. Qxe2 a5 21. Bd2 Qxb5 22. Rfc1 Rxc1+ 23. Bxc1 Rc8 24. Bf1 Rc3 25. Qd1 a4 26. b4 f5 27. fxe5 dxe5 28. Bg5 Nc8 29. exf5 gxf5 30. Rc1 Nd6 31. Bd2 Rxa3 32. Rc5 Qb6 33. Qc1 Rb3 34. Rc6 Qd8 35. Qc5 Ne8 36. Qc4+ Kh8 37. Qe6 Nc7 38. Rxc7 1-0